 Dungeon Crawl Stone Soup version 0.21-a0-401-g0b6bec4 (webtiles) character file.

91 Kerdee the Cudgeler (level 4, -4/37 HPs)
             Began as a Minotaur Gladiator on Oct 25, 2017.
             Slain by an ice beast (12 damage)
             ... on level 3 of the Dungeon.
             The game lasted 00:09:20 (1797 turns).

Kerdee the Cudgeler (Minotaur Gladiator)            Turns: 1797, Time: 00:09:20

Health: -4/37      AC:  3    Str: 20    XL:     4   Next: 33%
Magic:  12/12      EV: 13    Int:  9    God:
Gold:   106        SH:  0    Dex: 11    Spells: 3/3 levels left

rFire    . . .     SeeInvis .   a - +0 flail
rCold    . . .     Gourm    .   (no shield)
rNeg     . . .     Faith    .   v - +0 leather armour
rPois    .         Spirit   .   c - +0 hat
rElec    .         Reflect  .   (no cloak)
rCorr    .         Harm     .   (no gloves)
MR       .....                  (no boots)
Stlth    +.........             (no amulet)
HPRegen  0.12/turn              i - ring of magical power
MPRegen  0.13/turn              k - +4 ring of intelligence

@: lethally poisoned (-4 -> -5)
A: retaliatory headbutt, horns 2
a: no special abilities


You were on level 3 of the Dungeon.
You were not hungry.

You visited 1 branch of the dungeon, and saw 3 of its levels.

You collected 106 gold pieces.

Inventory:

Hand Weapons
 a - a +0 flail (weapon)
Missiles
 b - 22 sling bullets
 d - 3 throwing nets (quivered)
 e - 37 arrows
 j - 129 stones
Armour
 c - a +0 hat (worn)
 v - a +0 leather armour (worn)
Jewellery
 i - a ring of magical power (left hand)
 k - a +4 ring of intelligence (right hand)
Scrolls
 n - 2 scrolls of random uselessness {unknown}
 o - a scroll of recharging {unknown}
 p - 3 scrolls of enchant weapon {unknown}
 q - a scroll of identify {unknown}
 s - a scroll of remove curse {unknown}
 t - 2 scrolls of teleportation {unknown}
Potions
 l - 2 potions of curing {unknown}
 m - a potion of degeneration {unknown}
Comestibles
 f - 3 bread rations
 g - 2 chunks of flesh
 h - 4 fruits
 r - 4 royal jellies


   Skills:
 - Level 2.6 Fighting
 + Level 6.0 Maces & Flails
 - Level 2.0 Throwing
 - Level 3.4 Dodging


You had 3 spell levels left.
You didn't know any spells.

Dungeon Overview and Level Annotations

Branches:
Dungeon (3/15)

Altars:

Annotations:
D:3 Ijyb


Innate Abilities, Weirdness & Mutations

You reflexively headbutt those who attack you in melee.
You have a pair of horns on your head.


Message History

The jackal closely misses you.
You barely miss the jackal. You headbutt the jackal.
You kill the jackal!
You barely miss the ice beast. The ice beast hits you.
The ice beast freezes you!
You barely miss the ice beast. You headbutt the ice beast!
The ice beast is moderately wounded.
You feel sick.
The ice beast hits you but does no damage.
You sock the ice beast!
The ice beast is severely wounded.
The ice beast hits you. The ice beast freezes you!
* * * LOW HITPOINT WARNING * * *
The ice beast barely misses you.
You closely miss the ice beast.
The ice beast is severely wounded.
The ice beast hits you.
* * * LOW HITPOINT WARNING * * *
The ice beast freezes you!
You die...

# # .h # h# # h#
# .g # #S# ## #
#.##.### #
...#######.......
#
#.....@Yh.......
#
########...#####
# ###.....# ##
..# #.......# .#
#.# .....#.....#
.###.#
#######....###
#.##.#
##...รท.#####.#
#.##.#
###.#[.......
##.#.#
#.#######..


You could see an ice beast and a jackal.

Vanquished Creatures
  2 adders
  An ooze (D:2)
  A worm (D:2)
  2 dart slugs (D:1)
  3 leopard geckos
  2 ball pythons
  A giant cockroach (D:2)
  7 goblins
  10 hobgoblins
  4 jackals
  A quokka (D:2)
  2 bats
  5 frilled lizards
  8 kobolds
  8 rats
57 creatures vanquished.

Notes
Turn   | Place    | Note
-------+----------+-------------------------------------------
     0 | D:1      | Kerdee the Minotaur Gladiator began the quest for the Orb.
     0 | D:1      | Reached XP level 1. HP: 18/18 MP: 0/0
   176 | D:1      | Reached skill level 4 in Maces & Flails
   184 | D:1      | Reached XP level 2. HP: 25/25 MP: 1/1
   772 | D:2      | Reached XP level 3. HP: 30/30 MP: 2/2
   969 | D:2      | Reached skill level 5 in Maces & Flails
  1462 | D:2      | Reached XP level 4. HP: 37/37 MP: 3/3
  1783 | D:3      | Noticed Ijyb
  1783 | D:3      | Noticed an ice beast
  1789 | D:3      | Reached skill level 6 in Maces & Flails
  1797 | D:3      | Slain by an ice beast

Vault maps used:
D:1:      lightli_arrival_boilingwater
D:2:      first_bread
D:3:      minmay_liquid_box, grunt_decor_clamped, uniq_ijyb, uniq_terence

Skill      XL: |  1  2  3  4 |
---------------+-------------+-----
Maces & Flails | 4 5 6 |  6.0
Fighting       | |  2.6
Throwing       | |  2.0
Dodging        | |  3.4

Action                   |  1- 3 |  4- 6 || total
-------------------------+-------+-------++-------
Melee: Flail             |    82 |    29 ||   111
       Headbutt          |     8 |     2 ||    10
  Eat: Chunk             |     2 |     1 ||     3
Armor: Leather armour    |    15 |     9 ||    24
Dodge: Dodged            |    65 |    23 ||    88

Table legend:
 A = Spawn XP
 B = Non-spawn XP
 C = Spawn XP percentage of total XP
 D = Spawn monster count
 E = Non-spawn monster count
 F = Spawn count percentage of total count
 G = Total turns spent on level
                    A         B        C        D         E        F      G
               +---------+---------+-------+---------+---------+-------+---------
         Total |       0 |     130 |   0.0 |       0 |      57 |   0.0 |  1797
               +---------+---------+-------+---------+---------+-------+---------
           D:1 |       0 |      35 |   0.0 |       0 |      19 |   0.0 |   753
           D:2 |       0 |      66 |   0.0 |       0 |      29 |   0.0 |   910
           D:3 |       0 |      29 |   0.0 |       0 |       9 |   0.0 |   134
               +---------+---------+-------+---------+---------+-------+---------
